General information
- name: BNet
- type: Ladder team game (AT/RT)
- host: Battle.net
- saver: Jew!
map: Cherryville
- players: 8
- length: 12:27
- speed: Fast
- version: 1.28 W3XP
- replay type: Public
» download(110 KB)
Players
team 1 (loser)

»
Spit.Your-Game (
blue | 47 APM | 403 actions | 08:33)
1 Blademaster
1 Wind Walk
» actions
| Assign group hotkey | 7 | |
| Build / train | 28 | |
| Enter build submenu | 11 | |
| Enter hero's abilities submenu | 1 | |
| Right click | 203 | |
| Select / deselect | 74 | |
| Select group hotkey | 44 | |
| Use ability | 35 | |
403 total
» units
» upgrades
» buildings
| Altar of Storms | 1 | |
| Orc Burrow | 4 | |
| Voodoo Lounge | 1 | |
| Stronghold | 4 | |
| War Mill | 1 | |
| Beastiary | 3 | |
| Fortress | 1 | |
15 total
» build order
00:09 Altar of Storms
00:11 Orc Burrow
01:47 Voodoo Lounge
02:25 Stronghold
02:25 Stronghold
02:25 Stronghold
02:57 War Mill
03:04 Orc Burrow
04:46 Beastiary
04:48 Fortress
05:10 Beastiary
05:15 Orc Burrow
06:15 Beastiary
07:39 Orc Burrow
» items
| Circlet of Nobility | 3 | |
| Boots of Speed | 1 | |
| Healing Salve | 2 | |
| Lesser Clarity Potion | 2 | |
| Orb of Lightning | 1 | |
9 total

»
USF_Bulls (
teal | 60 APM | 712 actions | 11:56)
3 Death Knight
2 Death Coil
1 Unholy Aura
1 Lich
1 Frost Nova
» actions
| Assign group hotkey | 14 | |
| Basic commands | 48 | |
| Build / train | 43 | |
| Enter build submenu | 15 | |
| Enter hero's abilities submenu | 4 | |
| Give item / drop item | 5 | |
| Remove unit from queue | 1 | |
| Right click | 303 | |
| Select / deselect | 139 | |
| Select group hotkey | 92 | |
| Use ability | 48 | |
712 total
» units
| Acolyte | 7 | |
| Ghoul | 5 | |
| Crypt Fiend | 8 | |
| Obsidian Statue | 2 | |
22 total
» upgrades
| Creature Attack | 3 | |
| Creature Carapace | 2 | |
5 total
» buildings
| Crypt | 1 | |
| Graveyard | 1 | |
| Ziggurat | 7 | |
| Altar of Darkness | 1 | |
| Tomb of Relics | 1 | |
| Necropolis | 1 | |
| Halls of the Dead | 2 | |
| Slaughterhouse | 1 | |
| Black Citadel | 1 | |
| Spirit Tower | 1 | |
17 total
» build order
00:20 Crypt
00:26 Graveyard
00:46 Ziggurat
01:05 Altar of Darkness
01:20 Tomb of Relics
02:02 Ziggurat
05:05 Necropolis
05:07 Halls of the Dead
05:08 Halls of the Dead
06:01 Ziggurat
06:06 Ziggurat
07:40 Ziggurat
08:24 Slaughterhouse
08:52 Black Citadel
08:58 Spirit Tower
09:01 Ziggurat
09:03 Ziggurat
» items
| Rod of Necromancy | 3 | |
| Potion of Healing | 2 | |
5 total
pummykins (
green | 51 APM | 617 actions | 12:10)
2 Blademaster
1 Mirror Image
1 Wind Walk
1 Tauren Chieftain
1 War Stomp
» actions
| Assign group hotkey | 2 | |
| Basic commands | 20 | |
| Build / train | 40 | |
| Enter build submenu | 19 | |
| Enter hero's abilities submenu | 3 | |
| Right click | 301 | |
| Select / deselect | 194 | |
| Select group hotkey | 3 | |
| Use ability | 35 | |
617 total
» units
| Peon | 12 | |
| Grunt | 5 | |
| Raider | 7 | |
| Tauren | 3 | |
27 total
» upgrades
| Melee Weapons | 2 | |
| Armor | 2 | |
| Pillage | 1 | |
5 total
» buildings
| Altar of Storms | 1 | |
| Barracks | 1 | |
| Orc Burrow | 6 | |
| Stronghold | 1 | |
| War Mill | 1 | |
| Voodoo Lounge | 2 | |
| Beastiary | 1 | |
| Fortress | 1 | |
| Tauren Totem | 3 | |
17 total
» build order
00:24 Altar of Storms
00:41 Barracks
00:56 Orc Burrow
01:58 Orc Burrow
02:59 Stronghold
03:47 War Mill
04:09 Voodoo Lounge
04:17 Orc Burrow
05:23 Beastiary
05:33 Fortress
06:07 Orc Burrow
06:52 Orc Burrow
08:09 Tauren Totem
08:13 Tauren Totem
08:22 Orc Burrow
08:29 Tauren Totem
09:50 Voodoo Lounge
» items
Jew! (
purple | 16 APM | 194 actions | 12:27)
» actions
| Basic commands | 15 | |
| Build / train | 17 | |
| Enter build submenu | 23 | |
| Right click | 37 | |
| Select / deselect | 79 | |
| Use ability | 23 | |
194 total
» units
» upgrades
» buildings
| Graveyard | 1 | |
| Ziggurat | 19 | |
| Crypt | 1 | |
| Nerubian Tower | 1 | |
| Spirit Tower | 8 | |
30 total
» build order
00:17 Graveyard
00:27 Ziggurat
00:29 Ziggurat
00:50 Crypt
01:19 Nerubian Tower
01:24 Ziggurat
02:10 Ziggurat
02:42 Spirit Tower
03:30 Ziggurat
03:31 Ziggurat
03:32 Ziggurat
03:39 Ziggurat
03:49 Spirit Tower
04:06 Ziggurat
04:37 Ziggurat
04:39 Ziggurat
05:42 Spirit Tower
05:45 Spirit Tower
07:28 Spirit Tower
07:31 Ziggurat
07:33 Ziggurat
07:39 Ziggurat
08:30 Spirit Tower
08:32 Spirit Tower
09:11 Ziggurat
09:12 Ziggurat
09:13 Ziggurat
09:14 Ziggurat
09:15 Ziggurat
10:31 Spirit Tower
team 2 (winner)
Asar (
pink | 54 APM | 672 actions | 12:27)
3 Death Knight
2 Death Coil
1 Unholy Aura
2 Lich
1 Frost Nova
1 Frost Armor
1 Crypt Lord
1 Impale
» actions
| Assign group hotkey | 17 | |
| Basic commands | 4 | |
| Build / train | 41 | |
| Enter build submenu | 16 | |
| Enter hero's abilities submenu | 6 | |
| Give item / drop item | 3 | |
| Remove unit from queue | 1 | |
| Right click | 163 | |
| Select / deselect | 151 | |
| Select group hotkey | 218 | |
| Use ability | 52 | |
672 total
» units
| Acolyte | 3 | |
| Ghoul | 3 | |
| Crypt Fiend | 6 | |
| Obsidian Statue | 3 | |
15 total
» upgrades
| Web | 1 | |
| Destroyer Form | 1 | |
| Creature Attack | 2 | |
4 total
» buildings
| Crypt | 1 | |
| Ziggurat | 5 | |
| Graveyard | 1 | |
| Altar of Darkness | 1 | |
| Halls of the Dead | 1 | |
| Nerubian Tower | 1 | |
| Tomb of Relics | 1 | |
| Black Citadel | 1 | |
| Slaughterhouse | 2 | |
| Sacrificial Pit | 1 | |
15 total
» build order
00:36 Crypt
00:44 Ziggurat
00:52 Graveyard
01:14 Altar of Darkness
01:32 Ziggurat
02:48 Halls of the Dead
02:50 Nerubian Tower
02:59 Tomb of Relics
05:38 Ziggurat
06:04 Black Citadel
07:21 Slaughterhouse
07:24 Ziggurat
08:18 Slaughterhouse
10:25 Sacrificial Pit
11:58 Ziggurat
» items
| Rod of Necromancy | 5 | |
| Dust of Appearance | 2 | |
| Orb of Corruption | 1 | |
| Potion of Lesser Invulnerability | 1 | |
9 total

»
Swordran (
orange | 47 APM | 584 actions | 12:27)
3 Tauren Chieftain
1 Shockwave
2 Endurance Aura
2 Shadow Hunter
1 Healing Wave
1 Hex
» actions
| Assign group hotkey | 16 | |
| Build / train | 43 | |
| Enter build submenu | 17 | |
| Enter hero's abilities submenu | 5 | |
| Right click | 291 | |
| Select / deselect | 141 | |
| Select group hotkey | 33 | |
| Use ability | 38 | |
584 total
» units
| Peon | 10 | |
| Grunt | 4 | |
| Troll Headhunter/Berserker | 7 | |
| Troll Batrider | 4 | |
25 total
» upgrades
| Armor | 2 | |
| Pillage | 1 | |
| Berserker Strength | 1 | |
| Troll Regeneration | 1 | |
| Melee Weapons | 1 | |
| Spiked Barricades | 1 | |
| Ranged Weapons | 1 | |
8 total
» buildings
| Orc Burrow | 6 | |
| Altar of Storms | 1 | |
| Barracks | 1 | |
| Voodoo Lounge | 1 | |
| War Mill | 1 | |
| Stronghold | 1 | |
| Watch Tower | 3 | |
| Beastiary | 1 | |
| Great Hall | 1 | |
| Fortress | 1 | |
17 total
» build order
00:09 Orc Burrow
00:22 Altar of Storms
01:07 Barracks
01:26 Orc Burrow
01:29 Orc Burrow
01:44 Voodoo Lounge
02:09 War Mill
03:16 Stronghold
03:50 Orc Burrow
06:20 Orc Burrow
07:21 Orc Burrow
07:55 Watch Tower
07:59 Beastiary
09:30 Watch Tower
10:23 Great Hall
10:34 Watch Tower
11:35 Fortress
» items
COL.bini (
red | 75 APM | 940 actions | 12:27)
4 Archmage
2 Summon Water Elemental
2 Brilliance Aura
2 Paladin
1 Holy Light
1 Devotion Aura
» actions
| Assign group hotkey | 16 | |
| Build / train | 56 | |
| Enter build submenu | 29 | |
| Enter hero's abilities submenu | 6 | |
| Remove unit from queue | 1 | |
| Right click | 371 | |
| Select / deselect | 210 | |
| Select group hotkey | 168 | |
| Use ability | 83 | |
940 total
» units
| Peasant | 15 | |
| Footman | 11 | |
| Siege Engine | 3 | |
29 total
» upgrades
| Lumber Harvesting | 2 | |
| Gunpowder | 2 | |
| Plating | 1 | |
| Barrage | 1 | |
6 total
» buildings
| Altar of Kings | 1 | |
| Farm | 10 | |
| Barracks | 1 | |
| Town Hall | 1 | |
| Scout Tower | 9 | |
| Lumber Mill | 1 | |
| Arcane Tower | 2 | |
| Arcane Vault | 1 | |
| Guard Tower | 4 | |
| Keep | 2 | |
| Blacksmith | 1 | |
| Castle | 1 | |
| Workshop | 2 | |
36 total
» build order
00:11 Altar of Kings
00:21 Farm
00:37 Barracks
01:07 Farm
01:50 Farm
03:12 Farm
03:22 Town Hall
03:29 Scout Tower
03:50 Lumber Mill
04:00 Scout Tower
04:22 Arcane Tower
04:27 Scout Tower
04:35 Scout Tower
04:36 Scout Tower
04:37 Scout Tower
04:57 Arcane Vault
05:01 Guard Tower
05:06 Guard Tower
05:42 Keep
05:42 Keep
06:26 Guard Tower
06:28 Scout Tower
06:43 Farm
06:46 Farm
06:51 Scout Tower
06:53 Scout Tower
06:58 Arcane Tower
07:56 Guard Tower
08:08 Blacksmith
08:11 Castle
08:26 Farm
08:59 Farm
09:04 Workshop
09:07 Workshop
10:17 Farm
11:11 Farm
» items
| Scroll of Regeneration | 2 | |
| Lesser Clarity Potion | 1 | |
3 total

»
kempy (
yellow | 47 APM | 575 actions | 12:19)
4 Tauren Chieftain
2 Endurance Aura
2 War Stomp
» actions
| Build / train | 27 | |
| Enter build submenu | 19 | |
| Enter hero's abilities submenu | 4 | |
| Right click | 385 | |
| Select / deselect | 115 | |
| Use ability | 25 | |
575 total
» units
» upgrades
» buildings
| Orc Burrow | 6 | |
| Altar of Storms | 2 | |
| Barracks | 1 | |
| War Mill | 1 | |
| Watch Tower | 3 | |
| Stronghold | 1 | |
| Great Hall | 1 | |
| Spirit Lodge | 2 | |
| Beastiary | 1 | |
18 total
» build order
00:16 Orc Burrow
00:20 Altar of Storms
00:39 Barracks
01:22 Altar of Storms
02:36 War Mill
02:52 Orc Burrow
04:01 Orc Burrow
04:32 Watch Tower
05:12 Watch Tower
05:36 Stronghold
06:53 Orc Burrow
08:34 Great Hall
08:57 Orc Burrow
09:29 Watch Tower
09:49 Spirit Lodge
10:00 Beastiary
11:35 Spirit Lodge
11:38 Orc Burrow
» items
Chat log
(00:04 / All) pummykins: stay
(00:05 / All) COL.bini: gl hf
(00:05 / Allies) Jew!: gold plz
(00:11 / Allies) pummykins: oh that jew
(00:13 / All) Spit.Your-Game: leave?
(00:14 / All) COL.bini: stfu i can leave
(06:05 / All) Spit.Your-Game: mh huh?
(07:43 / All) COL.bini: nice bats
(07:56 / Allies) USF_Bulls: wtf is purple doing
(08:16 / Allies) Spit.Your-Game: io didnt even realise
(08:20 / Allies) Spit.Your-Game: dude i gave you gold
(08:22 / All) Spit.Your-Game: purp trollin
(08:26 / All) Spit.Your-Game: didnt even notice
(08:27 / Allies) Jew!: Yes, thank you
(08:30 / All) COL.bini: who didnt
(08:31 / All) Spit.Your-Game: small dick no life :)
(08:36 / Allies) Jew!: I put it to immediate good use
(08:37 / All) USF_Bulls: wow
(08:42 / All) USF_Bulls: one troll and one leaver
(08:50 / Allies) pummykins: its fine
(09:01 / Allies) pummykins: i got him
(11:49 / Allies) Jew!: Hmm, it would appear that a lack of towers has led to your demise
(11:58 / Allies) pummykins: lack of teammates
(12:00 / All) COL.bini: gg wp
(12:01 / All) pummykins: gg
(12:04 / Allies) Jew!: No, a lack of towers
(12:09 / All) COL.bini: sorry for retards
(12:13 / All) kempy: gg
(12:22 / All) Jew!: Yeah, thanks for the sentiment, had noob allies
(12:26 / All) Jew!: oh well, live to fight another day